 Dungeon Crawl Stone Soup version 0.21-a0-125-gb006224 (webtiles) character file.

18959 RockOn the Nimble (level 12, 0/110 HPs)
             Began as an Octopode Transmuter on July 14, 2017.
             Was an Initiate of Gozag.
             Succumbed to a spiny frog's poison
             ... on level 1 of the Lair of Beasts.
             The game lasted 00:33:33 (16747 turns).

RockOn the Nimble (Octopode Transmuter)            Turns: 16747, Time: 00:33:33

Health: 0/110      AC: 14    Str: 10    XL:     12   Next: 64%
Magic:  6/18       EV: 18    Int: 25    God:    Gozag
Gold:   713        SH:  0    Dex: 17    Spells: 6/19 levels left

rFire    x . .     SeeInvis .     - Unarmed
rCold    + + +     Gourm    .   (shield currently unavailable)
rNeg     + + .     Faith    .   (helmet currently unavailable)
rPois    +         Spirit   .   (no amulet)
rElec    .         Reflect  .   f - +4 ring of slaying
rCorr    .         Harm     .   r - ring of positive energy
MR       +....     Clarity  +   k - +4 ring of intelligence
Stlth    ++........             w - ring of positive energy
HPRegen  0.28/turn              O - ring of the Cast Vote {MR+ Int+6}
MPRegen  0.16/turn              (no ring)
                                (no ring)
                                (no ring)

@: lethally poisoned (0 -> -10), icy armour, ice-form, hasted, very quick
A: almost no armour, stealthy swim, amphibious, 8 rings, (constrict 8), clarity,
robust 1
a: End Transformation, Potion Petition, Call Merchant, Bribe Branch, Renounce
Religion


You were on level 1 of the Lair of Beasts.
You worshipped Gozag.
Gozag was pleased with you.
You were very hungry.
You were a creature of crystalline ice.
You visited 3 branches of the dungeon, and saw 14 of its levels.
You also visited: Sewer and Ossuary.

You collected 2220 gold pieces.
You spent 669 gold pieces at shops.
You paid 838 gold pieces to Gozag.

Inventory:

Missiles
 a - 152 arrows
 e - 179 stones
 l - 2 throwing nets (quivered)
Armour
 o - a +1 hat (melded)
Magical Staves
 Q - an uncursed staff of conjuration
Jewellery
 c - an uncursed ring of ice
 f - a +4 ring of slaying (left front paw)
 k - a +4 ring of intelligence (on tentacle)
 r - a ring of positive energy (right front paw)
 v - an uncursed ring of ice
 w - a ring of positive energy (on tentacle)
 O - the ring of the Cast Vote (on tentacle) {MR+ Int+6}
   (You bought it in a shop on level 10 of the Dungeon)

   [ring of protection from magic]

   It affects your intelligence (+6).
   It affects your resistance to hostile enchantments.
Wands
 m - a wand of confusion (17/48)
 x - a wand of polymorph (21/24)
 D - a wand of paralysis (11/24)
 I - a wand of iceblast (8/15)
 L - a wand of iceblast (8/15)
Scrolls
 g - a scroll of random uselessness
 i - 2 scrolls of immolation
 j - 5 scrolls of teleportation
 n - 7 scrolls of remove curse
 q - 2 scrolls of fog
 y - 5 scrolls of recharging
 E - 5 scrolls of identify
 H - 2 scrolls of summoning
 K - 2 scrolls of enchant armour
 M - a scroll of magic mapping
 N - 2 scrolls of enchant weapon
 R - a scroll of vulnerability {unknown}
Potions
 h - 8 potions of flight
 p - 7 potions of lignification
 C - 2 potions of ambrosia
 F - 2 potions of brilliance
 G - a potion of agility
Books
 b - a book of Changes

   Spells                             Type                      Level
   a - Beastly Appendage              Transmutation                1
   b - Sticks to Snakes               Transmutation                2
   c - Spider Form                    Transmutation/Poison         3
   d - Ice Form                       Ice/Transmutation            4
   e - Blade Hands                    Transmutation                5
 d - a book of Frost

   Spells                             Type                      Level
   a - Freeze                         Ice                          1
   b - Throw Frost                    Conjuration/Ice              2
   c - Ozocubu's Armour               Charms/Ice                   3
   d - Throw Icicle                   Conjuration/Ice              4
   e - Summon Ice Beast               Ice/Summoning                4
 A - a book of Battle

   Spells                             Type                      Level
   a - Infusion                       Charms                       1
   b - Shroud of Golubria             Charms/Translocation         2
   c - Song of Slaying                Charms                       2
   d - Spectral Weapon                Hexes/Charms                 3
   e - Regeneration                   Charms/Necromancy            3
 B - a book of Flames

   Spells                             Type                      Level
   a - Flame Tongue                   Conjuration/Fire             1
   b - Throw Flame                    Conjuration/Fire             2
   c - Conjure Flame                  Conjuration/Fire             3
   d - Inner Flame                    Hexes/Fire                   3
   e - Sticky Flame                   Conjuration/Fire             4
   f - Fireball                       Conjuration/Fire             5
Comestibles
 t - 7 royal jellies
 z - 7 meat rations
 J - 2 fruits
 P - a bread ration


   Skills:
 + Level 8.4 Fighting
 + Level 11.6 Dodging
 + Level 10.7 Unarmed Combat
 - Level 4.4 Spellcasting
 - Level 8.0 Transmutations
 - Level 6.0 Ice Magic


You had 6 spell levels left.
You knew the following spells:

 Your Spells              Type           Power        Failure   Level  Hunger
a - Beastly Appendage     Tmut           #####.       1%          1    None
b - Sticks to Snakes      Tmut           #####...     1%          2    None
c - Spider Form           Tmut/Pois      ####......   4%          3    ##.....
d - Ice Form              Ice/Tmut       #####...     4%          4    ####...
e - Ozocubu's Armour      Chrm/Ice       ###.....     8%          3    ##.....


Dungeon Overview and Level Annotations

Branches:
Dungeon (12/15)            Temple (1/1) D:6            Lair (1/6) D:11
    Orc (0/2) D:11

Altars:
Ashenzari
Cheibriados
Dithmenos
Elyvilon
Fedhas
Gozag
Hepliaklqana
Kikubaaqudgha
Nemelex Xobeh
Okawaru
Qazlal
Ru
Sif Muna
Trog
Uskayaw
Vehumet
Wu Jian
Xom
Yredelemnul
Zin

Shops:
D:10 :=

Annotations:
D:9 1 exclusion


Innate Abilities, Weirdness & Mutations

You cannot wear most types of armour.
You are very stealthy in the water. (Stealth+)
You are amphibious.
You can wear up to eight rings at the same time.
((You can use your tentacles to constrict eight enemies at once.))
((Your skin changes colour to match your surroundings (Stealth+).))
((Your rubbery body absorbs attacks. (AC +1, EV +1)))
((You are partially covered in icy blue scales. (AC +2)))
You possess an exceptional clarity of mind.
You are robust. (+10% HP)


Message History

You feel more energetic.
Your connection to magic feels subdued.
You feel robust.
* * * LOW HITPOINT WARNING * * *
You feel sick.
Unknown command.
You feel extremely strange.
You feel agile.
Your magic regains its normal vibrancy.
Your thoughts seem clearer.
Icy blue scales grow over part of your body.
* * * LOW HITPOINT WARNING * * *
You feel sick.
You feel yourself speed up.
* * * LOW HITPOINT WARNING * * *
You feel sick.
* * * LOW HITPOINT WARNING * * *
You feel sick.
* * * LOW HITPOINT WARNING * * *
You feel sick.
You die...
Your body crumbles into a pile of gold.

#...># #....# . #....#...
$ #....#... ## #........
#.. ### #....#.....
#.##≈######....#≈#...#
#.PPP.....(..P≈PP......
#..≈.≈.Y....≈P≈≈≈......
#.≈≈≈........≈PPP......
##.P♣≈≈......P≈PP≈......
#..≈P≈P.....P≈♣P≈......
#P.P≈≈P....P.≈≈P......#
##.PP≈≈P.≈.≈≈≈P≈..###.###
#.PP≈♣PPP.P≈♣≈P..##....#
#.P.≈♣≈PPPP♣PP...##....#
#..P≈≈≈♣P♣♣≈P...........


There were no monsters in sight!

Vanquished Creatures
  Snorg (D:11)
  Erica (D:10)
  Fannar (D:10)
  7 two-headed ogres
  Nergalle (D:10)
  An unseen horror (D:10)
  An ugly thing (D:11)
  A cyclops (D:8)
  Maurice (D:10)
  A centaur zombie (D:8)
  2 centaur skeletons (D:11)
  4 kobold demonologists (D:10)
  3 spiny frogs (Lair:1)
  A hornet (D:11)
  14 yaks
  A wraith (D:10)
  A steam dragon (D:11)
  A soldier ant (D:11)
  3 water moccasins
  4 orc warriors
  A porcupine (Lair:1)
  2 sky beasts
  A black bear (D:6)
  3 ice beasts
  A necrophage (D:11)
  2 ogres
  5 centaurs
  5 crocodiles
  6 bullfrogs
  4 big kobolds
  A water moccasin zombie (D:9)
  3 killer bees (D:11)
  4 scorpions
  A howler monkey (D:5)
  A bullfrog zombie (D:7)
  5 crimson imps
  A quasit (D:8)
  4 jellies
  A gnoll shaman (D:8)
  4 orc priests
  Crazy Yiuf (D:5)
  5 hounds
  8 orc wizards
  A bullfrog skeleton (D:8)
  4 iguanas
  Natasha (thrice) (D:3)
  13 worker ants
  A merfolk avatar (Sewer)
  A merfolk siren (Sewer)
  A hound zombie (Ossuary)
  3 hound skeletons
  4 mummies (Ossuary)
  3 worker ant zombies (D:5)
  3 gnolls (D:8)
  3 river rats (Sewer)
  18 adders
  5 shadow imps
  5 oozes (D:8)
  4 adder zombies
  An adder skeleton (D:4)
  3 worms
  A dart slug (D:1)
  8 leopard geckos
  36 orcs
  8 bats
  11 giant cockroaches
  8 goblins
  8 hobgoblins
  15 jackals
  4 quokkas
  5 ball pythons
  9 frilled lizards
  2 gnoll zombies (Ossuary)
  2 goblin zombies (Ossuary)
  2 hobgoblin zombies (Ossuary)
  A jackal zombie (Ossuary)
  22 kobolds
  A kobold zombie (Ossuary)
  2 leopard gecko zombies
  A quokka skeleton (D:8)
  A quokka zombie (D:7)
  28 rats
  2 rat zombies (Ossuary)
372 creatures vanquished.

Vanquished Creatures (collateral kills)
  A cyclops (D:11)
1 creature vanquished.

Vanquished Creatures (others)
  A quokka (D:5)
1 creature vanquished.

Grand Total: 374 creatures vanquished

Notes
Turn   | Place    | Note
-------+----------+-------------------------------------------
     0 | D:1      | RockOn the Octopode Transmuter began the quest for the Orb.
     0 | D:1      | Reached XP level 1. HP: 13/13 MP: 3/3
   111 | D:1      | Reached XP level 2. HP: 7/18 MP: 3/5
   726 | D:1      | Reached XP level 3. HP: 19/23 MP: 4/6
   814 | D:1      | Learned a level 2 spell: Sticks to Snakes
   818 | D:1      | Learned a level 3 spell: Spider Form
  1580 | D:2      | Reached XP level 4. HP: 28/28 MP: 7/7
  1895 | D:3      | Noticed Natasha
  2015 | D:3      | Found a hazy altar of Hepliaklqana.
  2027 | D:3      | Found a glowing silver altar of Zin.
  2033 | D:3      | Found an opulent altar of Gozag.
  2033 | D:3      | Found a stormy altar of Qazlal.
  2151 | D:3      | Killed Natasha
  2356 | D:3      | Reached XP level 5. HP: 23/33 MP: 4/8
  2473 | D:3      | Reached skill level 3 in Dodging
  2661 | D:3      | Noticed Natasha
  2669 | D:3      | Killed Natasha
  3132 | D:3      | Noticed Natasha
  3139 | D:3      | Killed Natasha
  3169 | D:4      | Reached XP level 6. HP: 29/39 MP: 5/9
  3642 | D:4      | Reached skill level 5 in Transmutations
  3797 | D:4      | Found an ancient bone altar of Kikubaaqudgha.
  4036 | D:5      | Entered Level 5 of the Dungeon
  4049 | D:5      | Reached XP level 7. HP: 40/45 MP: 6/10
  4406 | D:5      | Found a runed door.
  4411 | D:5      | Noticed Crazy Yiuf
  4419 | D:5      | Killed Crazy Yiuf
  4717 | D:5      | Reached skill level 4 in Dodging
  4727 | D:5      | Found a white marble altar of Elyvilon.
  5438 | D:6      | Reached XP level 8. HP: 51/54 MP: 11/13
  5473 | D:6      | Reached skill level 5 in Dodging
  5632 | D:6      | Found a glowing drain.
  5643 | Sewer    | Entered a sewer
  6389 | D:6      | Found a shattered altar of Ashenzari.
  6718 | D:6      | Found a staircase to the Ecumenical Temple.
  6786 | Temple   | Entered the Ecumenical Temple
  6911 | D:3      | Became a worshipper of Gozag Ym Sagoz the Greedy
  7146 | D:7      | Reached skill level 5 in Fighting
  7146 | D:7      | Reached skill level 6 in Dodging
  7720 | D:7      | Reached XP level 9. HP: 54/61 MP: 15/15
  8648 | D:8      | Noticed a cyclops
  8719 | D:8      | Reached skill level 7 in Dodging
  8719 | D:8      | Reached skill level 5 in Unarmed Combat
  8729 | D:8      | Killed a cyclops
  8794 | D:8      | Noticed a two-headed ogre
  8804 | D:8      | Killed a two-headed ogre
  8804 | D:8      | Reached XP level 10. HP: 51/67 MP: 13/16
  8844 | D:8      | Found a sand-covered staircase.
  8853 | Ossuary  | Entered an ossuary
  9118 | D:8      | Reached skill level 8 in Dodging
  9327 | D:8      | Found a deep blue altar of Sif Muna.
 10147 | D:9      | Learned a level 4 spell: Ice Form
 10151 | D:9      | Learned a level 3 spell: Ozocubu's Armour
 10229 | D:9      | Reached skill level 1 in Ice Magic
 10993 | D:10     | Entered Level 10 of the Dungeon
 11065 | D:10     | Noticed Maurice
 11084 | D:10     | Killed an unseen horror
 11096 | D:10     | Killed Maurice
 11261 | D:10     | Noticed Erica
 11307 | D:10     | Killed Erica
 11307 | D:10     | Reached skill level 9 in Dodging
 11509 | D:10     | Noticed a two-headed ogre
 11528 | D:10     | Killed a two-headed ogre
 11605 | D:10     | Noticed a two-headed ogre
 11638 | D:10     | Killed a two-headed ogre
 11638 | D:10     | Reached XP level 11. HP: 46/72 MP: 10/17
 11793 | D:10     | Noticed a five-headed hydra
 11799 | D:10     | HP: 3/72 [five-headed hydra (7)]
 12583 | D:10     | Noticed a two-headed ogre
 12587 | D:10     | Killed a two-headed ogre
 12587 | D:10     | Reached skill level 5 in Ice Magic
 12651 | D:10     | Noticed a two-headed ogre
 12749 | D:10     | Killed a two-headed ogre
 12904 | D:10     | Found Haluam's Book Shoppe.
 12932 | D:10     | Noticed Fannar
 12957 | D:10     | Killed Fannar
 12957 | D:10     | Reached skill level 10 in Dodging
 13348 | D:11     | Found a staircase to the Lair.
 13367 | D:11     | Noticed Snorg
 13382 | D:11     | Noticed a green ugly thing
 13401 | D:11     | Found a staircase to the Orcish Mines.
 13401 | D:11     | Noticed Nergalle
 13854 | D:11     | Killed a green ugly thing
 14221 | D:10     | Killed Nergalle
 14223 | D:10     | Noticed a soul eater
 14375 | D:11     | Reached XP level 12. HP: 41/80 MP: 12/18
 14720 | D:10     | Bought the ring of the Cast Vote {MR+ Int+6} for 669 gold pieces
 14968 | D:11     | Noticed a two-headed ogre
 14972 | D:11     | Killed a two-headed ogre
 14972 | D:11     | Reached skill level 11 in Dodging
 14972 | D:11     | Reached skill level 10 in Unarmed Combat
 15042 | D:11     | Killed Snorg
 15818 | D:11     | Noticed a two-headed ogre
 15828 | D:11     | Killed a two-headed ogre
 16284 | Lair:1   | Entered Level 1 of the Lair of Beasts
 16741 | Lair:1   | Gained mutation: You are clumsy. (Dex -2) [potion of mutation]
 16741 | Lair:1   | Gained mutation: Your magical capacity is low. (-10% MP) [potion of mutation]
 16741 | Lair:1   | Gained mutation: You are resistant to hostile enchantments. (MR+) [potion of mutation]
 16742 | Lair:1   | Lost mutation: You are resistant to hostile enchantments. (MR+) [potion of mutation]
 16742 | Lair:1   | Lost mutation: Your magical capacity is low. (-10% MP) [potion of mutation]
 16742 | Lair:1   | Gained mutation: Your spells are a little easier to cast, but a little less powerful. [potion of mutation]
 16742 | Lair:1   | Gained mutation: You are robust. (+10% HP) [potion of mutation]
 16742 | Lair:1   | HP: 5/110 [poisoned by a spiny frog]
 16743 | Lair:1   | Lost mutation: You are clumsy. (Dex -2) [potion of mutation]
 16743 | Lair:1   | Lost mutation: Your spells are a little easier to cast, but a little less powerful. [potion of mutation]
 16743 | Lair:1   | Gained mutation: You possess an exceptional clarity of mind. [potion of mutation]
 16743 | Lair:1   | Gained mutation: You are partially covered in icy blue scales. (AC +2) [potion of mutation]
 16745 | Lair:1   | HP: 2/110 [poisoned by a spiny frog]
 16747 | Lair:1   | Succumbed to a spiny frog's poison

Vault maps used:
D:1:      mrwooster_arrival_arrow
D:2:      kennysheep_generic_room_7
D:3:      grunt_temple_overflow_open, first_bread, minmay_misc_feat_rows,
          chequers_big_river, uniq_natasha
D:4:      lemuel_crystal_altar, st_stairs_12
D:5:      elyvilon_altar_4, uniq_crazy_yiuf_cottage
D:6:      ashenzari_conservatory_becter, temple_green, portal_sewer_entry_e
D:7:      cheibrodos_helix_gallery
D:8:      nicolae_overflow_crystal_walls, enter_ossuary_2,
          hangedman_little_slice_of_home
D:9:      serial_bayou_lake_a
D:10:     serial_shops, shop_fountains, uniq_maurice, uniq_erica, uniq_fannar
D:11:     lair_entry_dummy, david_orc_1_choice, uniq_snorg, uniq_nergalle
Temple:   eino_temple_lava
Lair:1:   serial_bayou_lagoon_a, st_stairs_6, infiniplex_staircase_pool,
          grunt_megastairs_5, minmay_lair_oklob_chamber
Sewer:    sewer_sea
Ossuary:  ossuary_minmay_tomb_2a

Skill      XL: |  1  2  3  4  5  6  7  8  9 10 11 12 |
---------------+-------------------------------------+-----
Transmutations | 3 4 5 7 8 |  8.0
Unarmed Combat | 4 6 8 9 10 | 10.7
Dodging        | 3 4 6 7 9 10 11 | 11.6
Fighting       | 2 3 5 7 8 |  8.4
Spellcasting   | 3 4 |  4.4
Ice Magic      | 4 6 |  6.0

Action                   |  1- 3 |  4- 6 |  7- 9 | 10-12 || total
-------------------------+-------+-------+-------+-------++-------
Melee: Unarmed           |    76 |   129 |   344 |   462 ||  1011
       Constrict         |    24 |    19 |    43 |    18 ||   104
       Tentacles         |     9 |     6 |    33 |    16 ||    64
       Kick              |     5 |     3 |     6 |     4 ||    18
       Punch             |     1 |     1 |     8 |     3 ||    13
 Cast: Beastly Appendage |    10 |     2 |     3 |     2 ||    17
       Spider Form       |     3 |    14 |    22 |    19 ||    58
       Sticks to Snakes  |       |       |     5 |     8 ||    13
       Ozocubu's Armour  |       |       |       |    31 ||    31
       Ice Form          |       |       |       |    31 ||    31
Invok: Call Merchant     |       |       |       |     1 ||     1
 Abil: End Transformatio |       |       |     1 |       ||     1
  Use: Scroll            |     4 |     8 |     2 |    17 ||    31
       Potion            |       |     3 |     5 |    10 ||    18
 Stab: Sleeping          |     3 |     4 |    11 |     4 ||    22
       Distracted        |       |       |     1 |     6 ||     7
  Eat: Chunk             |     2 |     9 |     6 |       ||    17
       Royal jelly       |       |     1 |       |     9 ||    10
       Bread ration      |       |       |     3 |     3 ||     6
Armor: Skin              |     8 |     9 |    11 |    94 ||   122
Dodge: Dodged            |    55 |    86 |   222 |   409 ||   772
